 Dungeon Crawl Stone Soup version 0.30.0-5-g1a98f26d00 (webtiles) character file.

Game seed: 9740940911752142935

364 qeuew the Covered (level 6, -3/55 HPs)
             Began as a Minotaur Fighter on May 12, 2023.
             Slain by a gnoll
             ... wielding a +0 flail
              (10 damage)
             ... on level 3 of the Dungeon.
             The game lasted 00:02:52 (2109 turns).

qeuew the Covered (Minotaur Fighter)                Turns: 2109, Time: 00:02:53

Health: -3/55      AC:  7    Str: 21    XL:     6   Next: 39%
Magic:  5/5        EV: 10    Int:  5    God:
Gold:   111        SH:  5    Dex: 11    Spells: 5/5 levels left

rFire   . . .        a - +0 war axe
rCold   . . .        c - +0 buckler
rNeg    . . .        b - +0 scale mail
rPois   .            (helmet restricted)
rElec   .            (no cloak)
rCorr   .            (no gloves)
SInv    .            (no boots)
Will    .....        (no amulet) Stlth
                     (no ring)
HPRegen 0.29/turn    (no ring)
MPRegen 0.09/turn

%: no passive effects
@: no status effects
A: horns 2, retaliatory headbutt
a: no special abilities


You were on level 3 of the Dungeon.
You visited 1 branch of the dungeon, and saw 3 of its levels.

You collected 111 gold pieces.

Inventory:

Hand Weapons
 a - a +0 war axe (weapon)
Armour
 b - a +0 scale mail (worn)
 c - a +0 buckler (worn)
Potions
 d - a potion of might
 f - a potion of resistance
 h - a potion of degeneration
 j - 2 potions of brilliance
 l - 2 potions of cancellation


   Skills:
 + Level 4.8 Fighting
 + Level 4.1 Axes
 * Level 5.8 Armour
 + Level 2.5 Dodging
 + Level 4.8 Shields


You had 5 spell levels left.
You didn't know any spells.
Your spell library contained the following spells:

 Spells                   Type           Power      Damage    Failure   Level
 Sandblast                Erth           0%         2d4       86%         1
 Passwall                 Tmut/Erth      0%         N/A       94%         2
 Stone Arrow              Conj/Erth      0%         3d7       99%         3
 Conjure Ball Lightning   Conj/Air       0%         3x3d6     100%        6
 Discord                  Hex            0%         N/A       100%        8
 Disjunction              Tloc           0%         N/A       100%        8


Dungeon Overview and Level Annotations

Branches:
Dungeon (3/15)

Altars:
Uskayaw

Shops:
D:2 [


Innate Abilities, Weirdness & Mutations

You have a pair of horns on your head.
You reflexively headbutt those who attack you in melee.


Message History

The gnoll closely misses you. The gnoll barely misses you.
You slash the gnoll!
You kill the gnoll!
The gnoll hits you from afar with a +0 halberd.
You completely miss the gnoll. The gnoll hits you with a +0 club!
The gnoll closely misses you.
You hit the gnoll. You headbutt the gnoll.
You kill the gnoll!
The gnoll closely misses you.
The gnoll hits you from afar with a +0 halberd.
The gnoll hits you with a +0 flail!
You closely miss the gnoll.
The gnoll hits you from afar with a +0 halberd.
The gnoll hits you with a +0 flail!
You are too injured to fight recklessly!
You are too injured to fight recklessly!
You are too injured to fight recklessly!
You are too injured to fight recklessly!
You are too injured to fight recklessly!
You are too injured to fight recklessly!
You are too injured to fight recklessly!
You are too injured to fight recklessly!
You are too injured to fight recklessly!
You are too injured to fight recklessly!
You are too injured to fight recklessly!
Unknown command.
You hit the gnoll. Your headbutt misses the gnoll.
The gnoll is moderately wounded.
The gnoll hits you from afar with a +0 halberd!
* * * LOW HITPOINT WARNING * * *
The gnoll hits you with a +0 flail.
* * * LOW HITPOINT WARNING * * *
Unknown command.
Okay, then.
You aren't carrying any scrolls.
Unknown command.
You hit the gnoll but do no damage.
The gnoll is moderately wounded.
The gnoll barely misses you. The gnoll hits you with a +0 flail!
You die...

#. #. . #
##########.
#..##..#
#.......##.
#..#...#
#.......##.
..#.#.#
#..<....##. .....
#.......... ..g
#.......##. #g#
#......<##. #@###
#.......##.
##...##
##########.
##.....## #####.
#.....).#####
#....)
#............#
#.####
#.........##.# #.#
#.........##.###.#
##...............#
##.....####.#####


You could see 2 gnolls.

Vanquished Creatures
  Sigmund (D:2)
  Jessica (D:2)
  Natasha (twice) (D:2)
  An orc wizard (D:3)
  An adder (D:2)
  2 gnolls (D:3)
  2 worms (D:2)
  2 dart slugs
  6 orcs (D:3)
  4 endoplasms
  A giant cockroach (D:1)
  8 goblins
  4 hobgoblins
  3 jackals (D:1)
  A quokka (D:2)
  6 ball pythons
  9 bats
  3 kobolds
  8 rats
65 creatures vanquished.

Notes
Turn   | Place    | Note
-------+----------+-------------------------------------------
     0 | D:1      | qeuew the Minotaur Fighter began the quest for the Orb.
     0 | D:1      | Reached XP level 1. HP: 19/19 MP: 0/0
   184 | D:1      | Reached XP level 2. HP: 27/27 MP: 1/1
   283 | D:1      | Reached skill level 4 in Armour
   938 | D:2      | Found a faded altar of an unknown god.
   968 | D:2      | Prayed at the altar of an unknown god.
   968 | D:2      | Became a worshipper of Uskayaw the Reveller
   968 | D:2      | Reached * piety under Uskayaw
   969 | D:2      | Fell from the grace of Uskayaw
  1002 | D:2      | Reached skill level 1 in Dodging
  1002 | D:2      | Reached XP level 3. HP: 33/33 MP: 2/2
  1107 | D:2      | Noticed Jessica
  1113 | D:2      | Killed Jessica
  1114 | D:2      | Reached XP level 4. HP: 37/40 MP: 3/3
  1225 | D:2      | Noticed Sigmund
  1240 | D:2      | Killed Sigmund
  1241 | D:2      | Reached skill level 5 in Armour
  1241 | D:2      | Reached XP level 5. HP: 36/47 MP: 4/4
  1289 | D:2      | Noticed Natasha
  1294 | D:2      | Killed Natasha
  1312 | D:2      | Found Koxteel's Armour Shoppe.
  1481 | D:2      | Noticed Natasha
  1487 | D:2      | Killed Natasha
  1488 | D:2      | Reached XP level 6. HP: 45/53 MP: 5/5
  2109 | D:3      | Slain by a gnoll

Illustrated notes

Levels and vault maps discovered:
D:1:      lightli_arrival_flooded_house, layout_basic, minmay_domino_4
D:2:      layout_basic, serial_shops, nicolae_shop_advertising_works
          [nicolae_subvault_shop_adworks], ebering_ecumenical_altar_webs,
          minmay_split_cup_small, uniq_jessica, uniq_sigmund, uniq_natasha
D:3:      layout_loops_cross

Skill      XL: |  1  2  3  4  5  6 |
---------------+-------------------+-----
Armour         | 4 5 |  5.8
Fighting       | 4 |  4.8
Dodging        | 1 2 |  2.5
Axes           | 3 4 |  4.1
Shields        | 4 |  4.8

Action                     |  1- 3 |  4- 6 || total
---------------------------+-------+-------++-------
  Melee: War axe           |    65 |    82 ||   147
         Headbutt          |     6 |     6 ||    12
 Invoke: Renounce Religion |     1 |       ||     1
    Use: Scroll            |     7 |     3 ||    10
 Armour: Scale mail        |    38 |    22 ||    60
  Dodge: Dodged            |    38 |    37 ||    75
  Block: Buckler           |    13 |    18 ||    31
